Map: Dusk Towers

Players

Kelazhur - Winner!

  • Race: Terran Terran
  • League: Master

YSMS

  • Race: Protoss Protoss
  • League: Master

VOD

Have the link to the VOD?

Description

Time

  • Played on: May 21, 2016, 10:17 p.m.
  • Length: 7:15
Show
View Real Time Build Order
Export as new Build Order

Kelazhur Terran - Winner!

Build Orders: Cyclone Opening, MMM Bio 

Get SALT Encoding   

  12  0:00  SCV  
  13  0:13  SCV  
  14  0:17  Supply Depot  
  14  0:25  SCV  
  15  0:39  SCV  
  15  0:40  Barracks  
  16  0:46  Refinery  
  16  0:51  SCV  
  16  0:55  Refinery  
  17  1:03  SCV  
  18  1:15  SCV  
  19  1:28  Reaper  
  19  1:29  Orbital Command  
  19  1:32  Supply Depot  
  20  1:48  Factory  
  20  1:59  SCV  
  20  2:00  Reaper  
  22  2:15  SCV  
  23  2:31  SCV  
  23  2:35  Starport  
  24  2:39  Factory Tech Lab  
  24  2:43  SCV  
  25  2:47  Supply Depot  
  25  2:55  SCV  
  25  2:58  Liberator  
  26  2:59  Cyclone  
  29  3:07  SCV  
  33  3:23  SCV  
  33  3:38  SCV  
  33  3:40  Supply Depot  
  33  3:42  Engineering Bay  
  33  3:43  Liberator  
  33  3:46  Command Center  
  32  3:58  SCV  
  32  3:59  Command Center  
  36  4:09  Marine  
  37  4:10  Stimpack, SCV  
  38  4:23  Factory Reactor  
  38  4:24  Barracks  
  38  4:26  Barracks  
  38  4:27  Marine  
  39  4:37  SCV  
  40  4:45  Marine  
  41  4:53  SCV  
  41  4:58  Orbital Command  
  42  5:03  Marine  
  42  5:06  SCV  
  44  5:15  Factory Tech Lab, Orbital Command, Barracks Tech Lab  
  44  5:19  SCV  
  44  5:20  Marine  
  46  5:28  SCV  
  47  5:30  Marine, Marauder  
  47  5:31  SCV  
  51  5:37  Combat Shields  
  51  5:38  Marine  
  51  5:40  Marauder, SCV  
  51  5:41  SCV  
  56  5:46  Liberator, SCV  
  57  5:51  Marine  
  57  5:52  Marauder  
  57  5:56  Marine, Barracks, SCV  
  57  5:57  Barracks, SCV  
  63  5:58  Starport  
  66  6:05  Factory Reactor  
  66  6:07  Marauder, SCV  
  66  6:08  SCV  
  70  6:13  Refinery  
  70  6:14  Refinery  
  70  6:16  Supply Depot, Orbital Command  
  70  6:17  Concussive Shells  
  70  6:20  SCV x2  
  70  6:23  Marine  
  70  6:24  Marauder  
  75  6:30  Marauder  
  77  6:36  Supply Depot  
  77  6:37  Marine, Supply Depot, SCV  
  77  6:39  SCV  
  80  6:44  SCV  
  80  6:45  Barracks Reactor  
  81  6:47  Marauder  
  81  6:48  Marauder  
  85  6:58  Supply Depot  
Show
View Real Time Build Order
Export as new Build Order

YSMS Protoss 

Build Orders: 1 Gate Expand 

Get SALT Encoding   

  12  0:01  Probe (Chrono Boost)  
  13  0:11  Probe (Chrono Boost)  
  14  0:17  Pylon  
  14  0:22  Probe (Chrono Boost)  
  16  0:35  Probe (Chrono Boost)  
  16  0:36  Gateway  
  16  0:46  Probe (Chrono Boost)  
  16  0:48  Assimilator  
  18  0:57  Probe (Chrono Boost)  
  18  1:07  Probe (Chrono Boost)  
  19  1:22  Nexus  
  19  1:33  Probe (Chrono Boost)  
  19  1:35  Cybernetics Core  
  20  1:44  Probe (Chrono Boost), Pylon  
  21  1:52  Assimilator  
  21  1:55  Probe (Chrono Boost)  
  24  2:11  Mothership Core (Chrono Boost)  
  23  2:16  Adept  
  22  2:32  Probe (Chrono Boost)  
  22  2:43  Probe x2 (Chrono Boost)  
  24  2:46  Warp Gate  
  24  2:51  Robotics Facility  
  24  2:54  Probe (Chrono Boost)  
  24  2:56  Adept  
  24  2:58  Probe (Chrono Boost)  
  28  3:04  Probe (Chrono Boost)  
  29  3:08  Probe (Chrono Boost)  
  30  3:15  Probe (Chrono Boost)  
  30  3:19  Probe (Chrono Boost)  
  29  3:27  Probe (Chrono Boost)  
  29  3:29  Probe (Chrono Boost)  
  29  3:38  Probe (Chrono Boost)  
  29  3:39  Observer (Chrono Boost)  
  31  3:44  Gateway  
  31  3:45  Probe, Gateway  
  32  3:51  Probe  
  33  3:57  Pylon  
  33  4:02  Observer (Chrono Boost)  
  34  4:06  Probe  
  34  4:07  Probe  
  36  4:16  Pylon  
  35  4:24  Probe  
  36  4:32  Probe  
  36  4:36  Probe  
  38  4:42  Probe  
  38  4:47  Pylon  
  38  4:48  Probe  
  39  4:55  Probe  
  37  5:17  Assimilator  
  37  5:21  Stalker x2  
  35  5:26  Probe  
  35  5:37  Probe  
  35  5:38  Probe  
  37  5:47  Probe  
  35  6:03  Probe  
  30  6:04  Probe  
  30  6:07  Stalker  
  34  6:13  Probe  
  35  6:21  Pylon  
  35  6:23  Probe  
  34  6:25  Probe  
  34  6:32  Sentry x2  
  38  6:35  Probe  
  38  6:37  Probe  
  41  6:47  Probe x2  
  41  6:51  Sentry  
  44  7:00  Probe  
  45  7:03  Pylon  
Tags
 
Add a new tag
Caveats
  • Supply blocks, unpowered buildings, or Contaminate may cause inaccurate times.
  • Supply counts are checked every 10 seconds.